 Dungeon Crawl Stone Soup version 0.29.1-12-g30fa7ad0bf (webtiles) character file.

Game seed: 18217699220201798186

77 Jushak the Caller (level 4, 0/42 HPs)
             Began as an Ogre Summoner on Jan 11, 2023.
             Killed from afar by an orc wizard (11 damage)
             ... with a puff of flame
             ... on level 2 of the Dungeon.
             The game lasted 00:13:56 (3235 turns).

Jushak the Caller (Ogre Summoner)                   Turns: 3235, Time: 00:13:58

Health: 0/42       AC:  3    Str: 12    XL:     4   Next: 34%
Magic:  7/8        EV: 10    Int: 18    God:
Gold:   81         SH:  0    Dex:  9    Spells: 3/9 levels left

rFire   . . .      SeeInvis .   g - staff of death
rCold   . . .      Faith    .   (no shield)
rNeg    + . .      Spirit   .   a - +0 robe
rPois   .          Reflect  .   (helmet restricted)
rElec   .          Harm     .   (no cloak)
rCorr   .          Rampage  .   (gloves unavailable)
Will    .....                   (boots unavailable)
Stlth   +.........              (no amulet)
HPRegen 0.14/turn               (no ring)
MPRegen 0.11/turn               (no ring)

@: no status effects
A: large, unfitting armour, tough skin 1
a: no special abilities


You were on level 2 of the Dungeon.
You visited 1 branch of the dungeon, and saw 3 of its levels.

You collected 81 gold pieces.

Inventory:

Hand Weapons
 o - a +1 dagger of holy wrath
Armour
 a - a +0 robe (worn)
Magical Staves
 g - a staff of death (weapon)
Scrolls
 c - 5 scrolls of identify {unknown}
 i - a scroll of vulnerability {unknown}
 k - a scroll of immolation {unknown}
 p - 2 scrolls of teleportation {unknown}
Potions
 b - a potion of magic
 d - a potion of curing {unknown}
 e - a potion of berserk rage {unknown}
 f - a potion of mutation {unknown}
 h - 2 potions of resistance
 j - a potion of attraction {unknown}
 l - 2 potions of lignification {unknown}
 m - a potion of ambrosia {unknown}
 n - a potion of heal wounds {unknown}


   Skills:
 + Level 2.2 Fighting
 + Level 2.5 Dodging
 - Level 1.4 Stealth
 + Level 3.2 Spellcasting
 + Level 4.1 Summonings


You had 3 spell levels left.
You knew the following spells:

 Your Spells              Type           Power      Damage    Failure   Level
a - Summon Small Mammal   Summ           68%        N/A       3%          1
b - Call Imp              Summ           17%        N/A       4%          2
c - Call Canine Familiar  Summ           17%        N/A       9%          3

Your spell library contained the following spells:

 Spells                   Type           Power      Damage    Failure   Level
 Summon Guardian Golem    Hex/Summ       10%        N/A       21%         3
 Summon Lightning Spire   Summ/Air       10%        N/A       56%         4


Dungeon Overview and Level Annotations

Branches:
Dungeon (3/15)

Altars:

Shops:
D:1 (


Innate Abilities, Weirdness & Mutations

You are too large for most types of armour.
You have tough skin. (AC +1)


Message History

You miss something. Something hits you.
Are you sure you want to stumble around while confused and next to your crimson imp?
You barely miss something.
You hear some strange, mumbled words.
A magic dart appears from out of thin air!
The magic dart hits you.
Are you sure you want to stumble around while confused and next to your crimson imp?
You feel less confused. Something hits you.
Your crimson imp hits something.
You hit something.
Your rat disappears in a puff of smoke!
Something hits you.
Your crimson imp misses something.
You hear some strange, mumbled words.
Something tries to affect you, but you resist.
You hit something.
Your crimson imp barely misses something.
Something hits you but does no damage.
You hit something.
Your crimson imp closely misses something.
Something hits you.
Your crimson imp hits something but does no damage.
You miss something. Something hits you.
Your crimson imp hits something but does no damage.
You closely miss something. Something hits you.
Your crimson imp barely misses something.
Something hits you but does no damage.
Your crimson imp misses something.
There is a stone staircase leading up here.
Something hits you.
Your crimson imp completely misses something.
You climb upwards.
Reactivating autopickup.
There is a stone staircase leading down here.
Something hits you.
* * * LOW HITPOINT WARNING * * *
Deactivating autopickup; reactivate with Ctrl-A.
You hear some strange, mumbled words.
A puff of flame appears from out of thin air!
The puff of flame hits you!
You die...

#..## ##.## #.####.#
#..####.#.###.# #.#
#...##.###....# ##.##
.....##.#†#######.#.##
#...####.## ##.###.##
#..## #.# ##.## ##.##
...#####.# #.## ##.#
.........# ##.## ##.##
...####### ##@###.##
#.###### ##>#.##
#......# #.{##
#.####.# ######.##
#.## #.# #......# ...#
#.# #.######
...###.#####.####
##..............#
#####.#####.##.#


There were no monsters in sight!

Vanquished Creatures
  A goblin (D:3)
  3 hobgoblins (D:1)
  A jackal (D:1)
  2 kobolds (D:3)
  2 quokkas (D:2)
  3 bats
  2 frilled lizards
  A rat (D:2)
15 creatures vanquished.

Vanquished Creatures (collateral kills)
  An adder (D:2)
  2 worms (D:2)
  A dart slug (D:1)
  2 endoplasms (D:1)
  2 giant cockroaches
  6 goblins
  3 hobgoblins
  7 jackals (D:1)
  A quokka (D:1)
  5 ball pythons
  4 frilled lizards
  4 kobolds
  2 rats
40 creatures vanquished.

Grand Total: 55 creatures vanquished

Notes
Turn   | Place    | Note
-------+----------+-------------------------------------------
     0 | D:1      | Jushak the Ogre Summoner began the quest for the Orb.
     0 | D:1      | Reached XP level 1. HP: 16/16 MP: 3/3
   160 | D:1      | Reached skill level 1 in Fighting
   160 | D:1      | Reached XP level 2. HP: 16/27 MP: 0/5
   401 | D:1      | Found Vaittof's Weapon Emporium.
   742 | D:1      | Reached XP level 3. HP: 32/33 MP: 2/7
  1652 | D:2      | Reached skill level 4 in Summonings
  1655 | D:2      | Learned a level 2 spell: Call Imp
  1659 | D:2      | Learned a level 3 spell: Call Canine Familiar
  2056 | D:2      | Reached XP level 4. HP: 42/42 MP: 5/8
  3235 | D:2      | Killed from afar by an orc wizard

Illustrated notes

Levels and vault maps discovered:
D:1:      lemuel_arrival_tunnels, layout_rooms, serial_shops,
          nicolae_shop_bloodbath_and_beyond
D:2:      layout_loops_ring
D:3:      layout_basic, hellmonk_ecumenical_altar_pennies_from_heaven,
          grunt_decor_resistance

Skill      XL: |  1  2  3 |
---------------+----------+-----
Fighting       | 1 2 |  2.2
Dodging        | 2 |  2.5
Spellcasting   | 3 |  3.2
Summonings     | 4 |  4.1
Stealth        | |  1.4

Action                   |  1- 3 |  4- 6 || total
-------------------------+-------+-------++-------
Melee: Unarmed           |    43 |       ||    43
       Staff             |    28 |    36 ||    64
 Cast: Summon Small Mamm |    68 |    40 ||   108
       Call Imp          |       |     4 ||     4
  Use: Potion            |       |     1 ||     1
 Stab: Sleeping          |       |     1 ||     1
Armor: Robe              |    19 |    10 ||    29
Dodge: Dodged            |    50 |    10 ||    60
